Map: Dreamcatcher LE

Players

KnoSyS

  • Race: Zerg Zerg
  • League: Platinum
  • Spawn Location: 11:00

kobold - Winner!

  • Race: Terran Terran
  • League: Gold
  • Spawn Location: 5:00

VOD

Have the link to the VOD?

Description

Time

  • Played on: July 29, 2018, 4:04 a.m.
  • Length: 22:58
Show
View Real Time Build Order
Export as new Build Order

KnoSyS Zerg 

Build Orders: Pool First, Swarm Host 

Get SALT Encoding   

  12  0:01  Drone  
  13  0:14  Drone  
  13  0:19  Extractor  
  13  0:22  Drone  
  15  0:35  Overlord  
  15  0:45  Overlord  
  15  0:55  Drone  
  15  0:56  Drone  
  17  1:01  Spawning Pool, Drone  
  17  1:05  Extractor  
  16  1:12  Drone  
  17  1:24  Drone  
  18  1:36  Drone  
  18  1:38  Hatchery  
  18  1:44  Drone  
  19  1:51  Queen  
  21  1:56  Drone  
  22  2:27  Hatchery  
  21  2:31  Queen  
  23  2:41  Metabolic Boost  
  23  2:44  Zergling x2  
  24  2:48  Zergling x2  
  25  2:54  Queen  
  25  2:57  Zergling x2  
  28  3:17  Overlord  
  28  3:23  Overlord  
  28  3:28  Overlord  
  28  3:40  Drone x7  
  35  3:42  Drone  
  36  3:55  Zergling x2  
  37  4:00  Overlord  
  37  4:11  Drone x2  
  37  4:12  Drone x3  
  37  4:13  Drone x2  
  37  4:14  Drone  
  44  4:29  Zergling x10  
  44  4:30  Zergling x4  
  49  4:39  Zergling x2  
  49  4:40  Zergling x10  
  52  4:55  Drone x6  
  58  5:01  Overlord  
  57  5:22  Queen x2  
  57  5:23  Queen  
  63  5:30  Baneling Nest  
  62  5:36  Overlord  
  62  5:39  Overlord  
  62  5:46  Extractor  
  59  5:57  Drone x3  
  59  6:07  Zergling x2  
  59  6:08  Zergling x18  
  63  6:21  Lair  
  63  6:25  Extractor  
  62  6:26  Drone x2  
  62  6:27  Drone  
  62  6:28  Extractor  
  62  6:31  Drone x3  
  65  6:49  Drone x2  
  65  6:50  Drone x3  
  65  6:51  Drone x3  
  65  6:52  Drone x2  
  75  7:02  Zergling x2  
  75  7:03  Zergling x10  
  81  7:09  Overlord  
  81  7:11  Overlord  
  81  7:12  Overlord x2  
  81  7:22  Hatchery  
  80  7:24  Hatchery  
  80  7:27  Hatchery  
  78  7:31  Evolution Chamber  
  78  7:35  Evolution Chamber  
  76  7:40  Zergling x2, Roach Warren  
  76  7:41  Zergling x22  
  87  7:51  Infestation Pit  
  87  7:54  Hydralisk Den, Drone  
  87  7:55  Drone x3  
  87  7:56  Drone  
  90  8:01  Zerg Melee Weapons Level 1, Zerg Ground Armor Level 1  
  90  8:03  Centrifical Hooks  
  90  8:07  Baneling  
  90  8:08  Baneling x11  
  73  8:34  Zergling x2  
  73  8:35  Zergling x26  
  87  8:41  Zergling x2  
  87  8:42  Zergling x10  
  93  8:49  Zergling x2  
  93  8:50  Zergling x16  
  100  9:15  Baneling x14  
  100  9:16  Baneling x6  
  54  10:04  Spore Crawler  
  53  10:11  Queen x5  
  63  10:23  Spore Crawler  
  63  10:28  Spine Crawler  
  61  10:29  Spore Crawler  
  60  10:40  Drone  
  61  10:46  Queen  
  61  10:47  Queen x2  
  67  11:01  Overseer  
  67  11:19  Zerg Ground Armor Level 2, Zerg Melee Weapons Level 2  
  64  11:55  Hatchery  
  64  11:59  Zergling x2  
  64  12:02  Zergling x2  
  64  12:04  Zergling x2  
  66  12:33  Zergling x4  
  68  12:49  Overlord  
  67  12:51  Overlord  
  67  12:53  Pneumatized Carapace  
  65  13:18  Drone  
  65  13:19  Drone x9  
  75  13:30  Hive  
  75  13:50  Baneling  
  75  13:51  Baneling x15  
  70  14:26  Burrow  
  54  14:46  Swarm Host x12  
  54  14:47  Swarm Host x2  
  86  15:21  Infestor x4  
  93  15:37  Pathogen Glands  
  93  15:50  Drone  
  94  16:00  Lair  
  94  16:18  Overlord x3  
  94  16:26  Infestor  
  96  16:35  Drone x2  
  96  16:36  Drone  
  96  16:38  Drone x3  
  87  17:14  Infestor x2  
  87  17:15  Infestor  
  59  18:00  Swarm Host x4  
  59  18:01  Swarm Host x2  
  77  18:41  Queen x4  
  85  18:53  Swarm Host x8  
  108  19:33  Drone  
  108  19:38  Infestor x3  
  115  20:01  Hatchery  
  114  20:36  Infestor  
  114  20:37  Infestor x3  
  122  20:48  Zergling x2  
  123  20:50  Zergling x2  
  123  20:53  Zergling x2  
  123  20:56  Zergling x2  
  126  20:57  Zergling x2  
Show
View Real Time Build Order
Export as new Build Order

kobold Terran - Winner!

Build Orders: Reaper Expand, MMM Bio 

Get SALT Encoding   

  12  0:01  SCV  
  13  0:17  Supply Depot  
  13  0:20  SCV  
  14  0:33  SCV  
  15  0:41  Barracks  
  15  0:45  SCV  
  15  0:46  Refinery  
  16  0:57  SCV  
  17  1:09  SCV  
  18  1:21  SCV  
  19  1:30  Reaper  
  20  1:33  Orbital Command  
  20  1:44  Command Center  
  20  1:52  Refinery  
  20  1:58  Supply Depot  
  20  2:00  SCV  
  21  2:07  Barracks Reactor  
  21  2:12  SCV  
  22  2:22  Factory  
  22  2:24  SCV  
  23  2:42  SCV  
  24  2:44  Marine x2  
  26  2:54  SCV  
  26  2:58  Orbital Command  
  26  3:17  Starport  
  26  3:21  Barracks Tech Lab  
  26  3:22  Hellion x2  
  26  3:26  SCV  
  26  3:27  SCV  
  32  3:35  Bunker  
  32  3:38  SCV  
  33  3:44  Hellion  
  33  3:45  Hellion  
  33  3:46  Stimpack  
  33  3:48  SCV  
  38  3:51  SCV  
  38  3:54  Supply Depot  
  39  3:55  Marine  
  39  4:00  SCV  
  41  4:03  SCV  
  41  4:06  Hellion x2  
  46  4:15  SCV x2, Marine  
  49  4:17  Supply Depot  
  49  4:22  Barracks  
  49  4:25  Barracks  
  49  4:31  Starport Reactor  
  49  4:40  SCV x2  
  51  4:52  SCV  
  52  4:58  SCV  
  53  5:04  SCV  
  54  5:18  SCV x2  
  56  5:22  Barracks Reactor x2  
  56  5:23  Medivac  
  56  5:24  Medivac  
  56  5:26  Engineering Bay  
  56  5:28  Engineering Bay  
  60  5:30  SCV x2, Command Center  
  60  5:33  Barracks  
  62  5:39  Barracks  
  62  5:40  Refinery  
  62  5:46  Supply Depot  
  62  5:50  Factory Reactor  
  62  5:59  SCV x2  
  58  6:11  Terran Infantry Weapons Level 1, SCV  
  58  6:12  Terran Infantry Armor Level 1  
  58  6:13  Marauder, Marine x3  
  58  6:15  Combat Shield, Marine  
  65  6:24  SCV  
  65  6:25  SCV  
  67  6:27  Medivac  
  67  6:32  Barracks Reactor  
  69  6:33  Supply Depot x2, Marine  
  70  6:42  Marauder, SCV x2, Marine x4, Medivac  
  74  7:02  Barracks  
  74  7:09  Orbital Command  
  74  7:10  Marauder, Marine  
  74  7:11  Marine x7  
  84  7:20  Armory  
  84  7:21  Barracks  
  84  7:28  Marine  
  84  7:29  Marine x4  
  89  7:31  Marauder  
  89  7:33  SCV x2  
  89  7:34  Orbital Command  
  93  7:45  SCV  
  94  7:51  Marine  
  94  7:52  Marine x3  
  94  7:53  Marauder  
  100  8:03  Refinery  
  100  8:12  Barracks Tech Lab  
  100  8:14  Supply Depot x2  
  100  8:15  Supply Depot  
  100  8:16  Supply Depot  
  100  8:21  Marauder  
  95  8:34  Marine x8  
  91  8:38  SCV  
  91  8:39  Refinery x2, SCV  
  101  8:43  Marauder  
  101  8:44  Factory Tech Lab  
  101  8:46  Terran Infantry Weapons Level 2  
  101  8:47  Terran Infantry Armor Level 2  
  103  8:50  SCV  
  103  8:51  SCV  
  103  8:52  Marine x3  
  103  8:53  Barracks  
  103  8:55  Barracks  
  108  8:56  Concussive Shells  
  108  9:02  SCV  
  109  9:03  SCV  
  110  9:12  Command Center  
  110  9:14  Marauder, SCV, Marine  
  110  9:15  Marauder, SCV, Marine x8  
  125  9:32  Marine  
  125  9:33  Marine x2  
  125  9:35  Barracks Tech Lab  
  103  9:53  Barracks Tech Lab  
  103  9:54  Barracks Tech Lab  
  101  10:06  Marauder x3, Marine x4  
  101  10:07  Marine x3  
  106  10:24  Marauder x2  
  106  10:25  Marine  
  106  10:27  Marauder x2  
  106  10:28  Marauder  
  117  10:33  Planetary Fortress  
  117  10:44  Command Center  
  117  10:45  Marauder x2, Marine  
  117  10:46  Marine x7  
  117  10:48  Marauder  
  117  10:49  Marauder x2  
  135  10:51  Medivac x2  
  139  11:03  Marine x4  
  139  11:04  Marine x4  
  147  11:06  Marauder  
  147  11:07  Marauder  
  147  11:10  Marauder  
  153  11:29  Medivac  
  153  11:32  Medivac  
  148  11:34  Supply Depot x2  
  148  11:37  Marine  
  148  11:40  Terran Infantry Armor Level 3, Terran Infantry Weapons Level 3  
  148  11:55  Marauder x5, Marine x8  
  148  11:59  Medivac  
  168  12:13  Marine x6  
  168  12:14  Fusion Core  
  174  12:17  Marauder x2  
  174  12:20  Starport  
  174  12:22  Command Center  
  178  12:24  Unknown  
  178  12:30  Planetary Fortress  
  178  12:39  Marine  
  178  12:43  Supply Depot  
  179  12:45  Supply Depot  
  179  12:49  Supply Depot  
  179  12:56  Ghost Academy  
  179  13:00  Starport Tech Lab  
  179  13:05  Marauder x3, Marine x2  
  187  13:06  Marine  
  187  13:07  Marauder x2  
  192  13:13  Ghost Academy  
  192  13:16  Ghost Academy x2  
  192  13:27  Marauder x3  
  198  13:28  Marauder  
  200  13:36  Refinery  
  200  13:41  Refinery  
  200  13:47  Orbital Command  
  200  13:48  Command Center x2  
  200  13:49  Command Center  
  194  15:17  Command Center  
  194  15:18  Command Center  
  194  15:22  Command Center  
  194  15:23  Command Center  
  194  15:26  Command Center  
  194  15:30  Command Center  
  194  15:32  Planetary Fortress  
  194  15:33  Command Center  
  194  15:34  Orbital Command  
  194  15:35  Orbital Command  
  193  15:52  Ghost x3  
  199  16:10  Refinery  
  199  16:12  Command Center  
  199  16:32  Command Center x2  
  199  16:36  Command Center  
  199  16:55  Orbital Command x4  
  199  16:57  Planetary Fortress  
  167  17:57  Ghost x5  
  161  18:09  Orbital Command  
  161  18:17  Orbital Command  
  161  18:18  Orbital Command  
  161  18:25  Ghost  
  161  18:26  Ghost x4  
  171  18:29  Command Center x2  
  171  18:39  Command Center  
  167  18:44  Orbital Command  
  164  18:54  Ghost x5  
  167  19:10  Barracks x2  
  167  19:11  Barracks x2  
  167  19:13  Barracks  
  166  19:17  Command Center  
  166  19:22  Ghost  
  166  19:23  Command Center, Ghost x4  
  176  19:48  Command Center  
  176  19:50  Command Center  
  176  19:51  Ghost x5  
  176  19:52  Command Center x3  
  186  19:56  Personal Cloaking, Command Center  
  186  19:57  Command Center  
  186  19:58  Nuke  
  186  20:06  Nuke x2  
  186  20:12  Barracks Tech Lab x4  
  184  20:22  Barracks Tech Lab  
  184  20:27  Orbital Command x3  
  184  20:31  Orbital Command  
  184  20:33  Ghost  
  184  20:34  Ghost x5  
  163  21:18  Ghost  
  163  21:19  Ghost x9  
  163  21:22  Nuke  
  177  21:25  Command Center  
  177  21:26  Command Center  
  163  21:57  Orbital Command x2  
  163  21:59  Planetary Fortress  
  163  22:02  Orbital Command x3  
  163  22:03  Orbital Command  
  163  22:13  Ghost  
  165  22:21  Ghost  
  165  22:22  Ghost x2  
Tags
 
Add a new tag
Caveats
  • Supply blocks, unpowered buildings, or Contaminate may cause inaccurate times.
  • Supply counts are checked every 10 seconds.